 Dungeon Crawl Stone Soup version 0.29.1-15-g9cfb28693d (webtiles) character file.

Game seed: 13396090409303533407

4050 Smoke131 the Fighter (level 10, 0/110 HPs)
             Began as an Ogre Gladiator on Apr 20, 2023.
             Was a Priest of Okawaru.
             Slain by a human
             ... wielding a +1 vorpal hand axe
              (2 damage)
             ... in a bailey.
             The game lasted 00:25:05 (13478 turns).

Smoke131 the Fighter (Ogre Gladiator)              Turns: 13478, Time: 00:25:06

Health: 0/110      AC:  4    Str: 28    XL:     10   Next: 24%
Magic:  13/14      EV: 10    Int:  9    God:    Okawaru [***...]
Gold:   652        SH: 15    Dex: 13    Spells: 9/9 levels left

rFire   . . .      SeeInvis .   a - +0 trident
rCold   + . .      Faith    .   j - +0 tower shield
rNeg    . . .      Spirit   .   b - +0 robe
rPois   +          Reflect  .   c - +0 hat
rElec   .          Harm     .   h - +0 cloak
rCorr   .          Rampage  .   (gloves unavailable)
Will    +....                   (boots unavailable)
Stlth   ++++......              f - amulet of the acrobat
HPRegen 0.28/turn               r - ring of Jealousy {Wiz rPois Str+4 Dex+3 Stlth+}
MPRegen 0.14/turn               s - ring of protection from cold

@: mighty, heroic
A: large, unfitting armour, tough skin 1
a: Renounce Religion, Heroism


You were in a bailey.
You worshipped Okawaru.
Okawaru was most pleased with you.
You visited 2 branches of the dungeon, and saw 10 of its levels.
You also visited: Bailey.

You collected 652 gold pieces.

Inventory:

Hand Weapons
 a - a +0 trident (weapon)
Missiles
 d - 2 throwing nets
 e - a large rock
 w - 5 poisoned darts
 z - 3 silver boomerangs (quivered)
Armour
 b - a +0 robe (worn)
 c - a +0 hat (worn)
 h - a +0 cloak (worn)
 j - a +0 tower shield (worn)
Jewellery
 f - an amulet of the acrobat (around neck)
 r - the ring of Jealousy (left hand) {Wiz rPois Str+4 Dex+3 Stlth+}
   (You found it on level 5 of the Dungeon)

   [ring of wizardry]

   It improves your spell success rate.
   Str:       It affects your strength (+4).
   Dex:       It affects your dexterity (+3).
   rPois:     It protects you from poison.
   Stlth:     It makes you more stealthy.
 s - a ring of protection from cold (right hand)
 x - a ring of flight
Wands
 B - a wand of polymorph (12)
Scrolls
 g - 3 scrolls of teleportation
 k - a scroll of enchant weapon
 v - 2 scrolls of blinking
Potions
 i - a potion of degeneration
 l - a potion of brilliance
 m - a potion of magic
 n - 2 potions of attraction
 o - 2 potions of curing
 p - 4 potions of mutation
 q - 2 potions of flight
 u - a potion of cancellation
 A - a potion of lignification


   Skills:
 - Level 10.0(15.0) Fighting
 + Level 8.0(13.0) Polearms
 + Level 7.7(12.7) Throwing
 - Level 3.0(8.0) Dodging
 + Level 3.2(8.2) Shields
 + Level 6.1 Invocations


You had 9 spell levels left.
You didn't know any spells.
Your spell library contained the following spells:

 Spells                   Type           Power      Damage    Failure   Level
 Freeze                   Ice            0%         1d3       56%         1
 Magic Dart               Conj           0%         1d3       56%         1
 Dazzling Flash           Conj/Hex       0%         N/A       89%         3
 Frozen Ramparts          Ice            0%         1d1       89%         3
 Mephitic Cloud           Conj/Pois/Air  0%         N/A       89%         3
 Hailstorm                Conj/Ice       0%         3d3       99%         4
 Leda's Liquefaction      Hex/Erth       0%         N/A       99%         4
 Agony                    Necr           0%         N/A       100%        5
 Lee's Rapid Deconstruct  Erth           0%         3d5*      100%        5
 Silence                  Hex/Air        0%         N/A       100%        5
 Statue Form              Tmut/Erth      0%         N/A       100%        6
 Call Imp                 Summ           Unusable   N/A       N/A         2

Dungeon Overview and Level Annotations

Branches:
Dungeon (9/15)             Temple (1/1) D:4          Bailey (1/1)
   Lair: D:8-11         Orc: D:9-12

Altars:
Ashenzari
Cheibriados
Dithmenos
Elyvilon
Fedhas
Gozag
Hepliaklqana
Kikubaaqudgha
Makhleb
Nemelex Xobeh
Okawaru
Qazlal
Ru
Sif Muna
Trog
Uskayaw
Vehumet
Wu Jian
Xom
Yredelemnul
Zin
The Shining One

Shops:
D:3 (=   D:6 *

Annotations:
D:6 4 runed translucent doors
D:7 1 runed translucent door, GasterBasher's ghost, novice HOFi


Innate Abilities, Weirdness & Mutations

You are too large for most types of armour.
You have tough skin. (AC +1)


Message History

You puncture the human!
You kill the human!
Okawaru accepts your kill. The human hits you with a +0 war axe.
Your Polearms skill increases to level 8!
Your Invocations skill increases to level 6!
You closely miss the human.
The human hits you with a +1 vorpal hand axe!
The human hits you with a +0 war axe.
You gain the combat prowess of a mighty hero.
The human hits you with a +1 vorpal hand axe!
The human hits you with a +0 war axe!
* * * LOW HITPOINT WARNING * * *
You feel very mighty all of a sudden.
The human hits you with a +1 vorpal hand axe!
* * * LOW HITPOINT WARNING * * *
x2 You block the human's attack.
You puncture the human!
The human is heavily wounded.
You block the human's attack. The human barely misses you.
You puncture the human!
The human is almost dead.
You block the human's attack. The human closely misses you.
You closely miss the human.
The human is almost dead.
You block the human's attack. The human hits you with a +0 war axe!
* * * LOW HITPOINT WARNING * * *
You puncture the human!
You kill the human!
Okawaru accepts your kill. You block the human's attack.
You miss the human. You hit the human.
The human is lightly wounded.
You block the human's attack.
You puncture the human!
The human is moderately wounded.
The human hits you with a +1 vorpal hand axe.
* * * LOW HITPOINT WARNING * * *
You die...

## .######
##### ......#
##...##......#
#..∩.@pg...#
#....)######
#..∩..'†~~#
##...##~~~~#
##### ~~~~+
~~~~# ~~~##
####


You could see a human and a hobgoblin.

Vanquished Creatures
  A shadow (D:6)
  2 humans (Bailey)
  A wyvern (D:8)
  Menkaure (D:4)
  4 water moccasins
  2 sky beasts
  3 orc warriors
  An ice beast (D:7)
  2 black bears
  2 phantoms
  4 bullfrogs
  A gnoll sergeant (D:8)
  A necrophage (D:5)
  4 scorpions
  5 wights
  3 howler monkeys
  3 hounds
  4 orc priests
  6 jellies
  Crazy Yiuf (D:2)
  Terence (D:2)
  8 orc wizards
  5 iguanas
  7 gnolls
  7 adders
  2 shadow imps (D:6)
  3 white imps
  An ufetubus (D:4)
  A worm (D:4)
  2 dart slugs
  26 orcs
  8 endoplasms
  3 giant cockroaches
  12 goblins
  5 hobgoblins
  5 jackals
  2 quokkas
  7 ball pythons
  6 bats
  A frilled lizard (D:2)
  8 kobolds
  A rat (D:2)
172 creatures vanquished.

Vanquished Creatures (others)
  5 fungi
  3 toadstools (D:5)
8 creatures vanquished.

Grand Total: 180 creatures vanquished

Notes
Turn   | Place    | Note
-------+----------+-------------------------------------------
     0 | D:1      | Smoke131 the Ogre Gladiator began the quest for the Orb.
     0 | D:1      | Reached XP level 1. HP: 22/22 MP: 1/1
   327 | D:1      | Found a faded altar of an unknown god.
   374 | D:1      | Reached XP level 2. HP: 29/29 MP: 2/2
   401 | D:1      | Reached skill level 3 in Fighting
   967 | D:1      | Reached XP level 3. HP: 34/37 MP: 3/3
  2071 | D:2      | Noticed Terence
  2075 | D:2      | Killed Terence
  2076 | D:2      | Reached XP level 4. HP: 46/48 MP: 4/4
  2528 | D:2      | Reached skill level 4 in Fighting
  2818 | D:2      | Found a runed translucent door.
  2819 | D:2      | Noticed Crazy Yiuf
  2832 | D:2      | Killed Crazy Yiuf
  2833 | D:2      | Reached XP level 5. HP: 39/54 MP: 5/5
  3133 | D:3      | Identified the +2 leather armour of Words of Power {rF+ rC+
                  | MP+9 Dex-5}
  3432 | D:3      | Identified the +4 short sword "Teahom" {vorpal, rF+ rN+}
  3550 | D:3      | Found Haurchul's Jewellery Emporium.
  3778 | D:3      | Found Ruiqaog's Antique Weapon Boutique.
  4046 | D:3      | Reached XP level 6. HP: 65/65 MP: 6/6
  4058 | D:3      | Reached skill level 5 in Fighting
  4670 | D:4      | Noticed Menkaure
  4683 | D:4      | Killed Menkaure
  4684 | D:4      | Reached skill level 5 in Polearms
  4684 | D:4      | Reached XP level 7. HP: 40/74 MP: 7/7
  4941 | D:4      | Found a staircase to the Ecumenical Temple.
  4951 | Temple   | Entered the Ecumenical Temple
  5722 | D:5      | Entered Level 5 of the Dungeon
  5737 | D:5      | Reached skill level 6 in Fighting
  6622 | D:5      | Reached skill level 5 in Throwing
  6764 | D:5      | Found an iron altar of Okawaru.
  6773 | D:5      | Became a worshipper of Warmaster Okawaru
  6987 | D:5      | Identified the ring of Jealousy {Wiz rPois Str+4 Dex+3
                  | Stlth+}
  7060 | D:5      | Reached skill level 7 in Fighting
  7060 | D:5      | Reached skill level 1 in Invocations
  7060 | D:5      | Reached XP level 8. HP: 81/87 MP: 7/9
  7506 | D:6      | Found Guelix's Fire Supplies.
  7835 | D:6      | Reached * piety under Okawaru
  7925 | D:6      | Found an ancient bone altar of Kikubaaqudgha.
  8006 | D:6      | Found a glowing silver altar of Zin.
  8651 | D:6      | Found a large runed translucent door.
  8657 | D:6      | Found a large runed translucent door.
  8658 | D:6      | Noticed a five-headed hydra
  8658 | D:6      | Noticed a wraith
  8668 | D:6      | Found a large runed translucent door.
  8668 | D:6      | Found a large runed translucent door.
  8691 | D:6      | Noticed a shadow
  8702 | D:6      | Killed a shadow
  8703 | D:6      | Reached skill level 8 in Fighting
  8934 | D:6      | Identified the +6 flail of Collusion {drain, SInv}
  9280 | D:6      | Reached XP level 9. HP: 84/97 MP: 11/11
  9307 | D:6      | Reached ** piety under Okawaru
  9675 | D:6      | HP: 2/89 [wight/+4 falchion of flaming (5)]
 10389 | D:7      | Reached skill level 9 in Fighting
 10504 | D:7      | HP: 1/89 [something (6)]
 10925 | D:7      | Reached skill level 1 in Shields
 10939 | D:7      | Reached skill level 5 in Invocations
 11591 | D:7      | Found a runed translucent door.
 11629 | D:7      | Noticed GasterBasher's ghost (novice HOFi)
 11940 | D:8      | Identified the +0 leather armour "Oxzyic" {Harm +Blink}
 12166 | D:8      | Reached *** piety under Okawaru
 12167 | D:8      | Reached skill level 10 in Fighting
 12514 | D:8      | Reached XP level 10. HP: 99/110 MP: 14/14
 13124 | D:9      | Found a flagged portal.
 13171 | Bailey   | Entered a bailey
 13478 | Bailey   | HP: 2/110 [human/+1 vorpal hand axe (5)]
 13478 | Bailey   | Slain by a human

Illustrated notes

Levels and vault maps discovered:
D:1:      lemuel_arrival_room, layout_basic, shapermc_ecumenical_altar_ellora
D:2:      layout_loops_corners, chequers_serial_rivers_micro_e, uniq_terence,
          uniq_crazy_yiuf_cottage
D:3:      layout_loops_corners, serial_shops, nicolae_shop_hallway_plus, shop
D:4:      layout_loops_ring, minmay_temple_entry_glassed_door, uniq_menkaure
D:5:      layout_basic, kennysheep_okawaru_gauntlet, minmay_gold_behind_fungi
D:6:      layout_cave_pools, hangedman_feature_mirror,
          nicolae_concentric_dashed_squares_wild, nicolae_shop_fire_sale
          [nicolae_sub_dead_trees], minmay_hollow_rounded_squares
D:7:      layout_basic, ebering_ghost_reflecting_pool
D:8:      layout_loops_ring
D:9:      layout_grid_maze, enter_bailey_3, gammafunk_ghost_cemetery
Temple:   mainiacjoe_temple_circle_huts
Bailey:   bailey_axe_froggy_fort_hellmonk, bailey

Skill      XL: |  1  2  3  4  5  6  7  8  9 10 |
---------------+-------------------------------+-----
Fighting       | 3 4 5 7 8 10 | 10.0
Dodging        | 3 |  3.0
Throwing       | 3 4 5 6 7 |  7.7
Polearms       | 4 5 6 7 8 |  8.0
Invocations    | 1 3 5 6 |  6.1
Shields        | 2 3 |  3.2

Action                   |  1- 3 |  4- 6 |  7- 9 | 10-12 || total
-------------------------+-------+-------+-------+-------++-------
Melee: Trident           |   106 |   161 |   462 |    67 ||   796
       Punch             |       |     1 |     6 |       ||     7
Throw: Large rock        |     1 |     1 |     3 |       ||     5
       Boomerang         |       |     1 |    11 |       ||    12
       Throwing net      |       |     1 |     2 |       ||     3
       Dart              |       |       |     3 |       ||     3
Invok: Heroism           |       |       |       |     2 ||     2
  Use: Scroll            |       |    10 |     9 |       ||    19
       Potion            |       |     3 |     8 |     1 ||    12
 Stab: Sleeping          |     1 |       |     2 |     1 ||     4
Armor: Robe              |    40 |    38 |    82 |     3 ||   163
Dodge: Dodged            |    55 |    86 |   209 |    16 ||   366
Block: Tower shield      |       |       |    36 |    50 ||    86
